 Dungeon Crawl Stone Soup version 0.17.2-1-ge4368a0 (webtiles) character file.

693 magog001 the Bolt Thrower (level 7, -1/57 HPs)
             Began as a Centaur Hunter on Nov 13, 2016.
             Slain by a gnoll
             ... wielding a +0 spear
              (8 damage)
             ... on level 4 of the Dungeon.
             The game lasted 00:30:26 (6311 turns).

magog001 the Bolt Thrower (Centaur Hunter)          Turns: 6311, Time: 00:30:27

Health: -1/57      AC:  7    Str: 16    XL:     7   Next: 37%
Magic:  7/7        EV:  9    Int: 10    God:
Gold:   140        SH:  0    Dex: 10    Spells: 0 memorised, 6 levels left

rFire  + . .     SeeInvis .     A - +0 dagger (venom)
rCold  . . .     Clarity  .     m - +1 ring mail
rNeg   . . .     SustAt   +     (no shield)
rPois  .         Gourm    .     (no helmet)
rElec  .         Spirit   .     (no cloak)
rCorr  .         Warding  .     (no gloves)
rMut   .         Stasis   .     (no barding)
MR     .....                    (no amulet)
Stlth  ..........               F - ring of protection from fire
                                r - ring of sustain attributes

@: very quick, not resistant to hostile enchantments, extremely unstealthy
A: hooves 3, deformed body, speed 2, tough skin 3
a: no special abilities


You were on level 4 of the Dungeon.
You were not hungry.

You visited 1 branch of the dungeon, and saw 4 of its levels.

You collected 140 gold pieces.

Inventory:

Hand Weapons
 a - a +1 hand crossbow
 b - a +0 short sword
 e - a +0 war axe
 k - a +0 hand axe
 s - a +0 scythe
 A - a +0 dagger of venom (weapon)
 B - a +0 dagger of electrocution
Missiles
 d - 23 bolts
 g - 5 poisoned javelins (quivered)
 q - 38 stones
 w - 14 sling bullets of flame
 x - 2 tomahawks
 y - 20 bolts of flame
 I - 26 sling bullets
Armour
 c - a +0 leather armour
 m - a +1 ring mail (worn)
 G - a +1 robe of magic resistance
Jewellery
 r - a ring of sustain attributes (left hand)
 F - a ring of protection from fire (right hand)
Scrolls
 f - a scroll of teleportation {unknown}
 h - 2 scrolls of noise
 i - a scroll of remove curse
 l - a scroll of random uselessness {unknown}
 n - a scroll of identify
Potions
 j - a potion of brilliance
 u - a potion of flight {unknown}
 v - 2 potions of curing
 z - a potion of poison {unknown}
 C - a potion of might
Comestibles
 o - a meat ration
 p - a royal jelly
 t - a beef jerky
 D - 3 chunks of flesh
 E - a slice of pizza
 H - a bread ration


   Skills:
 * Level 3.6 Fighting
 * Level 1.3 Short Blades
 - Level 1.0 Axes
 * Level 6.2 Crossbows
 + Level 1.9 Throwing
 * Level 2.5 Armour
 * Level 3.1 Dodging
 + Level 0.7 Stealth


You had 6 spell levels left.
You didn't know any spells.

Dungeon Overview and Level Annotations

Branches:
Dungeon (4/15)             Temple (0/1) D:4

Altars:
Cheibriados
Qazlal
Ru


Innate Abilities, Weirdness & Mutations

You have hooves in place of feet.
Armour fits poorly on your strangely shaped body.
You cover ground very quickly.
You have extremely tough skin (AC +3).


Message History

The orc is heavily wounded.
The gnoll barely misses you. The gnoll hits you but does no damage.
The orc hits you with a whip.
* * * LOW HITPOINT WARNING * * *
You closely miss the orc. You kick the orc.
You kill the orc!
The gnoll completely misses you. The gnoll hits you but does no damage.
The gnoll hits you but does no damage. The gnoll hits you with a spear.
* * * LOW HITPOINT WARNING * * *
There is an open door here.
Items here: $ ))) ? †† You hit the gnoll.
You kick the gnoll, but do no damage.
The gnoll is heavily wounded.
The gnoll hits you with a spear!
* * * LOW HITPOINT WARNING * * *
The gnoll hits you with a spear.
* * * LOW HITPOINT WARNING * * *
Drink which item? (? for menu, Esc to quit)
You feel better. The gnoll hits you with a spear!
You die...

#... .... ##.....>.##
#..###.##
###.........####...##.##
.'.........'...........
#.........####...#.###
#.......# #<.##.# #
#.....# #.###.### #.gg#
#........ #@# #####.###
#.# #.# ###.#### #.#
#......## #.#
#.......##### #.#
#............ ..#
#.......##### ###
#.#.##### ...#.#


You could see 2 gnolls.

Vanquished Creatures
  Sigmund (D:4)
  The ghost of Alipheese the Chopper, an amateur NaBe of Trog (D:4)
  An ogre (D:4)
  A hound (D:4)
  A worker ant (D:4)
  Jessica (D:2)
  Terence (D:2)
  2 gnolls (D:4)
  7 adders
  4 worms
  7 orcs
  3 ball pythons
  5 bats
  8 goblins
  5 hobgoblins
  3 jackals
  14 kobolds
  4 quokkas
  8 giant cockroaches
  4 giant geckos
  6 giant newts
  A quokka zombie (D:4)
  13 rats
101 creatures vanquished.

Notes
Turn   | Place    | Note
--------------------------------------------------------------
     0 | D:1      | magog001 the Centaur Hunter began the quest for the Orb.
     0 | D:1      | Reached XP level 1. HP: 17/17 MP: 1/1
   670 | D:1      | Reached XP level 2. HP: 24/24 MP: 2/2
  1297 | D:2      | Reached skill level 5 in Crossbows
  1585 | D:1      | Reached XP level 3. HP: 16/29 MP: 3/3
  1794 | D:2      | Found a snail-covered altar of Cheibriados.
  2073 | D:2      | Reached skill level 1 in Armour
  2073 | D:2      | Reached XP level 4. HP: 33/36 MP: 4/4
  2460 | D:2      | Noticed Terence
  2473 | D:2      | Killed Terence
  2611 | D:2      | Found a sacrificial altar of Ru.
  2756 | D:2      | Noticed Jessica
  2765 | D:2      | Killed Jessica
  2958 | D:2      | Reached XP level 5. HP: 42/42 MP: 5/5
  3275 | D:2      | Found a stormy altar of Qazlal.
  4752 | D:4      | Found a staircase to the Ecumenical Temple.
  4752 | D:4      | Noticed Alipheese's ghost (amateur NaBe)
  4769 | D:4      | Noticed Sigmund
  5413 | D:4      | Killed Sigmund
  5413 | D:4      | Reached skill level 1 in Axes
  5413 | D:4      | Reached skill level 6 in Crossbows
  5413 | D:4      | Reached skill level 1 in Throwing
  5413 | D:4      | Reached XP level 6. HP: 41/51 MP: 6/6
  5497 | D:4      | Noticed an ogre
  5510 | D:4      | Killed an ogre
  5773 | D:4      | Killed Alipheese's ghost
  5773 | D:4      | Reached skill level 1 in Short Blades
  5773 | D:4      | Reached XP level 7. HP: 19/57 MP: 7/7
  6310 | D:4      | HP: 1/57 [gnoll/spear (2)]
  6311 | D:4      | Slain by a gnoll

Action                   |  1- 3 |  4- 6 |  7- 9 || total
-------------------------+-------+-------+-------++-------
Melee: Short sword       |    36 |    11 |       ||    47
       Hand axe          |       |   155 |       ||   155
       Dagger            |       |    22 |    34 ||    56
 Fire: Hand crossbow     |    68 |    14 |       ||    82
Throw: Stone             |     2 |     1 |       ||     3
       Javelin           |       |    21 |       ||    21
  Use: Potion            |     3 |       |     1 ||     4
       Scroll            |       |     4 |       ||     4
  Eat: Chunk             |     2 |     8 |       ||    10
       Bread ration      |       |     1 |       ||     1
